 Dungeon Crawl Stone Soup version 0.17.1-3-g152610e (webtiles) character file.

122 kaze the Ruffian (level 4, -5/45 HPs)
             Began as a Troll Berserker on Mar 1, 2016.
             Was a Believer of Trog.
             Slain by a river rat (7 damage)
             ... on level 3 of the Dungeon.
             The game lasted 00:05:03 (1143 turns).

kaze the Ruffian (Troll Berserker)                  Turns: 1143, Time: 00:05:03

Health: -5/45      AC:  6    Str: 26    XL:     4   Next: 78%
Magic:  3/3        EV: 10    Int:  3    God:    Trog [**....]
Gold:   103        SH:  0    Dex:  9    Spells: 0 memorised, 3 levels left

rFire  . . .     SeeInvis .       - Unarmed
rCold  . . .     Clarity  .     a - +0 animal skin
rNeg   . . .     SustAt   .     (no shield)
rPois  .         Gourm    +     (helmet restricted)
rElec  .         Spirit   .     p - +0 cloak
rCorr  .         Warding  .     (gloves unavailable)
rMut   .         Stasis   .     (boots unavailable)
MR     .....                    (no amulet)
Stlth  +.........               (no ring)
                                (no ring)

@: exhausted, not resistant to hostile enchantments, very unstealthy
A: unfitting armour, claws 3, fast metabolism 3, gourmand, regeneration 2,
shaggy fur 1, tough skin 2
a: Berserk, Trog's Hand, Burn Spellbooks, Renounce Religion


You were on level 3 of the Dungeon.
You worshipped Trog.
Trog was pleased with you.
You were very full.

You visited 1 branch of the dungeon, and saw 3 of its levels.

You collected 103 gold pieces.

Inventory:

Armour
 a - a +0 animal skin (worn)
 p - a +0 cloak (worn)
Scrolls
 d - 3 scrolls of identify {unknown}
 f - a scroll of noise {unknown}
 h - a scroll of remove curse {unknown}
 i - a scroll of magic mapping {unknown}
Potions
 e - a potion of degeneration {unknown}
 g - a potion of agility {unknown}
 j - a potion of invisibility {unknown}
 k - a potion of beneficial mutation {unknown}
 l - a potion of flight {unknown}
 n - a potion of curing {unknown}
 o - a potion of lignification {unknown}
Comestibles
 b - 3 bread rations
 c - a slice of pizza
 m - 5 chunks of flesh


   Skills:
 + Level 3.2 Fighting
 + Level 3.2 Dodging
 + Level 4.1 Unarmed Combat


You had 3 spell levels left.
You didn't know any spells.

Dungeon Overview and Level Annotations

Branches:
Dungeon (3/15)

Altars:

Portals:
Sewer: D:3


Innate Abilities, Weirdness & Mutations

You are too large for most types of armour.
You have claws for hands.
Your metabolism is lightning-fast.
You like to eat raw meat.
You heal very quickly.
You are covered in fur (AC +1).
You have very tough skin (AC +2).


Message History

You closely miss the river rat. The river rat bites you.
* * * LOW HITPOINT WARNING * * *
You scratch the river rat.
The river rat is heavily wounded.
You feel yourself speed up. The river rat bites you.
* * * LOW HITPOINT WARNING * * *
The river rat completely misses you.
You claw the river rat!
You kill the river rat!
Trog accepts your kill.
You closely miss the river rat. The river rat bites you.
* * * LOW HITPOINT WARNING * * *
You scratch the river rat.
The river rat is heavily wounded.
The river rat barely misses you.
You barely miss the river rat.
The river rat is heavily wounded.
The river rat bites you!
You die...

.# .# .#
.#################
.................#
################.#
#.# #.# #@# #r#
#r# #.# #.# #.#
#.# #.# #.#


You could see a river rat and a rat.

Vanquished Creatures
  Natasha (thrice) (D:2)
  2 adders
  2 river rats (D:3)
  A worm (D:2)
  5 giant geckos
  An orc (D:3)
  4 goblins
  A hobgoblin (D:3)
  4 jackals (D:2)
  2 quokkas (D:3)
  A ball python (D:3)
  6 bats
  2 giant cockroaches (D:3)
  2 giant newts
  8 kobolds
  5 rats
49 creatures vanquished.

Notes
Turn   | Place    | Note
--------------------------------------------------------------
     0 | D:1      | kaze the Troll Berserker began the quest for the Orb.
     0 | D:1      | Reached XP level 1. HP: 22/22 MP: 0/0
   145 | D:1      | Reached XP level 2. HP: 29/29 MP: 1/1
   427 | D:2      | Noticed Natasha
   433 | D:2      | Killed Natasha
   433 | D:2      | Reached XP level 3. HP: 36/36 MP: 2/2
   510 | D:2      | Reached ** piety under Trog
   511 | D:2      | Noticed Natasha
   514 | D:2      | Killed Natasha
   514 | D:2      | Reached XP level 4. HP: 44/44 MP: 3/3
   554 | D:2      | Noticed Natasha
   559 | D:2      | Killed Natasha
   617 | D:2      | Reached skill level 4 in Unarmed Combat
  1111 | D:3      | Found a glowing drain.
  1139 | D:3      | HP: 1/45 [river rat (5)]
  1143 | D:3      | Slain by a river rat

Action                   |  1- 3 |  4- 6 || total
-------------------------+-------+-------++-------
Melee: Unarmed           |    59 |    58 ||   117
Invok: Berserk           |       |     1 ||     1
       Trog's Hand       |       |     1 ||     1
 Stab: Sleeping          |     1 |       ||     1
  Eat: Chunk             |    10 |     6 ||    16
